Unix NetHack Version 3.7.0-90 Work-in-progress - last build Dec 4 2023 15:25:40 (a4ad6ea61a8c493010e15c9251bbb19a34919cb7,branch:master). Game began 2023-12-05 20:12:36, ended 2023-12-05 20:29:49. elenmirie, neutral female human Priestess --- --<- |... --..- |....--- --.....| -----.| |.| |.------------ |*.......)))@h |......------- ---....| --.- --- Elenmirie the Acolyte St:12 Dx:12 Co:14 In:11 Wi:18 Ch:8 Neutral Dlvl:5 $:80 HP:0(39) Pw:66(66) AC:1 Xp:5/181 T:2810 Burdened Deaf Latest messages: A lit field surrounds you! You write in the dust with an uncursed wand of light. What do you want to write in the dust here? x You fall down the stairs. You see here an uncursed food ration. You have a little trouble lifting A - an uncursed food ration (3 in total). You climb up the stairs. You stop. Yermak is in the way! You swap places with Yermak. You hear bubbling water. You swap places with Yermak. You fall down the stairs. You see here an uncursed white gem. You hit the gnome! Yermak bites the gnome. The gnome is killed! Yermak grows up into a dog. You see here an uncursed white gem. You are momentarily blinded by a flash of light! You hear a deafening roar! You feel an unseen monster! You are hit. It is hit. It is destroyed! It misses. It misses. It is missed. It is hit. It is missed. It is hit. Wait! There's something there you can't see! It hits! It hits! You miss it. It hits! You hit it. It is missed. It misses. You can see again. You hit the dwarf. The dwarf swings his pick-axe. The dwarf hits! The dwarf swings his pick-axe. The dwarf hits! You die... Do you want your possessions identified? [ynq] (y) y Do you want to see your attributes? [ynq] (y) y Do you want an account of creatures vanquished? [ynaq] (y) y Do you want to see your conduct and achievements? [ynq] (y) y Do you want to see the dungeon overview? [ynq] (y) y Inventory: Coins $ - 80 gold pieces Weapons z - 12 uncursed rustproof +0 darts a - a blessed +1 mace (weapon in right hand) Armor t - an uncursed +0 helm of brilliance (being worn) q - an uncursed +0 orcish helm u - an uncursed +2 pair of leather gloves (being worn) c - an uncursed +0 small shield (being worn) b - an uncursed +0 robe (being worn) y - an uncursed +0 leather armor (being worn) Comestibles e - an uncursed clove of garlic A - 3 uncursed food rations f - an uncursed sprig of wolfsbane Spellbooks K - an uncursed spellbook of turn undead Wands M - an uncursed wand of light (0:12) Tools w - an uncursed oilskin sack containing 12 items F - an uncursed expensive camera (0:72) p - an uncursed towel x - an uncursed towel Contents of the oilskin sack: 246 gold pieces a cursed scroll of amnesia an uncursed scroll of blank paper an uncursed scroll of gold detection a cursed scroll of identify 2 uncursed scrolls of remove curse a cursed scroll of remove curse an uncursed spellbook of detect monsters an uncursed spellbook of healing an uncursed spellbook of identify an uncursed potion of booze 4 potions of holy water Elenmirie the Priestess's attributes: Background: You were an Acolyte, a level 5 human Priestess. You were neutral, nominally on a mission for Ishtar who was opposed by Anu (lawful) and Anshar (chaotic). You were right-handed. You were in the Gnomish Mines, on level 5. You entered the dungeon 2810 turns ago. You had 181 experience points, 139 more were needed to attain level 6. Basics: You had 0 out of 39 hit points. You had all 66 energy points (spell power). Your armor class was 1. Your wallet contained 80 zorkmids, and you had 246 more stashed away in your pack. Autopickup was on for '$' plus thrown. Final Characteristics: Your strength was 12 (limit:18/100). Your dexterity was 12 (limit:18). Your constitution was 14 (limit:18). Your intelligence was 11 (limit:18). Your wisdom was 18 (limit:18). Your charisma was 8 (limit:18). Final Status: You were deaf. You weren't hungry. You were burdened; movement was slightly slowed. You were wielding a mace. You had basic skill with mace. Final Attributes: You were piously aligned. You were guarded. You are dead. Miscellaneous: You never encountered a bones level. Total elapsed playing time was 17 minutes and 11 seconds. Major events: Turn 1: elenmirie the neutral human Priestess entered the dungeon 601: attained the rank of Acolyte (level 3) 2553: entered the Gnomish Mines 2810: killed by a dwarf Vanquished creatures: a small mimic a pony a gray ooze a little dog a floating eye a homunculus a kobold shaman a rabid rat a giant bat a wererat 3 hobbits a hobgoblin a red mold 6 gnomes a gnome zombie 4 geckos 4 jackals 2 foxes 4 kobolds 3 goblins 2 sewer rats 6 grid bugs a lichen a newt 49 creatures vanquished. No species were genocided or became extinct. Voluntary challenges: You were an atheist. You read items or engraved 2 times. You never engraved Elbereth. You never genocided any monsters. You never polymorphed an object. You never changed form. You used no wishes. Achievements: You attained the rank of Acolyte. You entered a shop. You entered the Gnomish Mines. The Dungeons of Doom: levels 1 to 5 Level 1: A fountain. Level 2: An armor shop. Level 3: An altar. Level 4: A fountain. Stairs down to The Gnomish Mines. Level 5: The Gnomish Mines: Level 5: <- You were here. Final resting place for you, killed by a dwarf. Game over: ---------- / \ / REST \ / IN \ / PEACE \ / \ | elenmirie | | 326 Au | | killed by a | | dwarf | | | | | | 2023 | *| * * * | * _________)/\\_//(\/(/\)/\//\/|_)_______ Goodbye elenmirie the Priestess... You died in The Gnomish Mines on dungeon level 5 with 1228 points, and 326 pieces of gold, after 2810 moves. You were level 5 with a maximum of 39 hit points when you died.